 Dungeon Crawl Stone Soup version 0.29-a0-251-g80730f7218 (webtiles) character file.

Game seed: 8579481749369310884

58 horus123 the Chiller (level 3, -4/26 HPs)
             Began as a Draconian Ice Elementalist on Mar 5, 2022.
             Succumbed to a kobold's poison
             ... on level 3 of the Dungeon.
             The game lasted 00:04:14 (2611 turns).

horus123 the Chiller (Draconian Ice Elementalist)   Turns: 2611, Time: 00:04:14

Health: -4/26      AC:  5    Str: 10    XL:     3   Next: 76%
Magic:  3/8        EV: 12    Int: 17    God:
Gold:   186        SH:  0    Dex: 11    Spells: 2/9 levels left

rFire   + . .      SeeInvis +   (no weapon)
rCold   . . .      Faith    .   (no shield)
rNeg    . . .      Spirit   .   (body armour unavailable)
rPois   .          Reflect  .   (helmet restricted)
rElec   .          Harm     .   (no cloak)
rCorr   .          Rampage  .   (no gloves)
Will    .....                   (no boots)
Stlth   ++........              (no amulet)
HPRegen 0.08/turn               a - ring of protection from fire
MPRegen 0.11/turn               c - ring of see invisible

@: lethally poisoned (-4 -> -27)
A: AC +5, unfitting armour, cold-blooded
a: no special abilities


You were on level 3 of the Dungeon.
You visited 1 branch of the dungeon, and saw 3 of its levels.

You collected 186 gold pieces.

Inventory:

Jewellery
 a - a ring of protection from fire (left hand)
 c - a ring of see invisible (right hand)
Scrolls
 b - a scroll of teleportation
 d - a scroll of identify
 e - a scroll of brand weapon


   Skills:
 - Level 1.7 Dodging
 - Level 1.7 Stealth
 + Level 3.9 Spellcasting
 - Level 4.0 Ice Magic


You had 2 spell levels left.
You knew the following spells:

 Your Spells              Type           Power      Damage    Failure   Level
a - Freeze                Ice            64%        1d8       3%          1
b - Frozen Ramparts       Ice            32%        1d5       10%         3
c - Ozocubu's Armour      Ice            16%        N/A       10%         3

Your spell library contained the following spells:

 Spells                   Type           Power      Damage    Failure   Level
 Hailstorm                Conj/Ice       10%        3d5       56%         4


Dungeon Overview and Level Annotations

Branches:
Dungeon (3/15)

Altars:
Uskayaw

Shops:
D:3 =


Innate Abilities, Weirdness & Mutations

Your plain brown scales are hard. (AC +5)
You cannot fit into any form of body armour.
You are cold-blooded and may be slowed by cold attacks.


Message History

You freeze the kobold.
You kill the kobold!
The endoplasm quivers.
A kobold comes into view.
It is wielding a +2 short sword of venom.
Your life force feels restored.
You freeze the hobgoblin.
The hobgoblin is moderately wounded.
The kobold shouts!
The hobgoblin hits you but does no damage.
You freeze the hobgoblin.
You kill the hobgoblin!
The endoplasm closely misses you.
You freeze the endoplasm.
The endoplasm is heavily wounded.
The endoplasm freezes you.
You are frozen.
You freeze the endoplasm.
The endoplasm is severely wounded.
The endoplasm freezes you.
You are frozen.
You feel yourself slow down.
The kobold hits you with a +2 short sword of venom.
You are poisoned.
You freeze the endoplasm.
You kill the endoplasm!
You feel very sick.
The kobold hits you with a +2 short sword of venom.
You are lethally poisoned!
The kobold hits you but does no damage.
You are more poisoned.
You aren't carrying any potions.
You feel yourself speed up.
* * * LOW HITPOINT WARNING * * *
You feel extremely sick.
You see here a +1 short sword of draining.
* * * LOW HITPOINT WARNING * * *
You feel very sick. The kobold hits you but does no damage.
You are more poisoned.
You see here a rat corpse.
You die...

###########
#.........#
#........@##
#..#.†##.†.#
#..##..#.K.##.#
#..##..##....#
#...#..##...##
#...##..##.#.#
##...##.. .##.#
#._.# ..#.# #.#
#...# ..#.# #.#


You could see a kobold.

Vanquished Creatures
  A worm (D:2)
  2 dart slugs (D:2)
  2 bats
  5 endoplasms
  3 goblins
  7 hobgoblins
  7 jackals
  3 quokkas
  6 ball pythons
  4 frilled lizards
  3 kobolds
  3 rats
46 creatures vanquished.

Notes
Turn   | Place    | Note
-------+----------+-------------------------------------------
     0 | D:1      | horus123 the Draconian Ice Elementalist began the quest for
                  | the Orb.
     0 | D:1      | Reached XP level 1. HP: 14/14 MP: 3/3
   434 | D:1      | Reached XP level 2. HP: 17/20 MP: 3/5
   545 | D:1      | Found a faded altar of an unknown god.
  1407 | D:2      | Reached XP level 3. HP: 24/26 MP: 3/7
  1629 | D:2      | Learned a level 3 spell: Frozen Ramparts
  1633 | D:2      | Learned a level 3 spell: Ozocubu's Armour
  2452 | D:3      | Found Pujimoy's Jewellery Shoppe.
  2536 | D:3      | Found a hide-covered altar of Uskayaw.
  2610 | D:3      | HP: 1/26 [poisoned by a kobold]
  2611 | D:3      | Succumbed to a kobold's poison

Illustrated notes

Levels and vault maps discovered:
D:1:      dpeg_arrival_lava_temple_mockup, layout_loops_ring,
          dreamdust_ecumenical_altar_grove, minmay_misc_feat_doors
D:2:      layout_basic
D:3:      layout_loops_cross, mainiacjoe_overflow_catch_the_wave, serial_shops,
          nicolae_shop_stone

Skill      XL: |  1  2 |
---------------+-------+-----
Spellcasting   | 3 |  3.9
Dodging        | |  1.7
Stealth        | |  1.7
Ice Magic      | |  4.0

Action                   || total
-------------------------++-------
Melee: Unarmed           ||    21
       Tailslap          ||     2
 Cast: Freeze            ||    77
       Frozen Ramparts   ||     1
  Use: Scroll            ||     3
 Stab: Sleeping          ||     1
Armor: Skin              ||    25
Dodge: Dodged            ||    51

Table legend: (Time is in decaauts)
 A = Elapsed time spent in this place.
 B = Non-inter-level travel time spent in this place.
 C = Inter-level travel time spent in this place.
 D = Time resting spent in this place.
 E = Time spent auto-exploring this place.
 F = Levels seen in this place.
 G = Mean time per level.
                   A        B        C        D        E       F      G
               +--------+--------+--------+--------+--------+-----+--------+
         Total |   2611 |   2582 |     29 |     87 |   2167 |   3 |  870.3 |
       Dungeon |   2611 |   2582 |     29 |     87 |   2167 |   3 |  870.3 |
               +--------+--------+--------+--------+--------+-----+--------+

Top non-repeatable levels by time:
     D:1: 1286 daAuts
     D:2: 983 daAuts
     D:3: 341 daAuts
